 Dungeon Crawl Stone Soup version 0.21.1-1-g345015f (webtiles) character file.

67 shakethe the Chopper (level 4, -3/40 HPs)
             Began as a Hill Orc Fighter on Feb 9, 2018.
             Killed from afar by Feta's ghost (12 damage)
             ... with a stone arrow
             ... on level 3 of the Dungeon.
             The game lasted 00:03:00 (1446 turns).

shakethe the Chopper (Hill Orc Fighter)             Turns: 1446, Time: 00:03:00

Health: -3/40      AC:  6    Str: 19    XL:     4   Next: 16%
Magic:  4/4        EV:  7    Int:  8    God:
Gold:   92         SH:  9    Dex: 10    Spells: 3/3 levels left

rFire    . . .     SeeInvis .   a - +0 war axe
rCold    . . .     Gourm    .   c - +0 shield
rNeg     . . .     Faith    .   b - +0 scale mail
rPois    .         Spirit   .   (no helmet)
rElec    .         Reflect  .   (no cloak)
rCorr    .         Harm     .   (no gloves)
MR       .....                  (no boots)
Stlth    ..........             (no amulet)
HPRegen  0.13/turn              (no ring)
MPRegen  0.09/turn              (no ring)

@: no status effects
A: no striking features
a: no special abilities


You were on level 3 of the Dungeon.
You were not hungry.

You visited 1 branch of the dungeon, and saw 3 of its levels.

You collected 92 gold pieces.

Inventory:

Hand Weapons
 a - a +0 war axe (weapon)
Armour
 b - a +0 scale mail (worn)
 c - a +0 shield (worn)
Jewellery
 e - an uncursed ring of magical power {unknown}
   (You found it on level 1 of the Dungeon)
Scrolls
 g - 5 scrolls of identify {unknown}
 i - a scroll of teleportation {unknown}
 k - a scroll of immolation {unknown}
 l - a scroll of remove curse {unknown}
Potions
 d - a potion of might
 h - a potion of brilliance {unknown}
 j - a potion of degeneration {unknown}
 m - 2 potions of agility {unknown}
 n - 2 potions of haste {unknown}
 o - a potion of curing {unknown}
Comestibles
 f - 4 rations


   Skills:
 - Level 3.8 Fighting
 + Level 5.4 Axes
 - Level 3.4 Armour
 - Level 3.4 Shields


You had 3 spell levels left.
You didn't know any spells.

Dungeon Overview and Level Annotations

Branches:
Dungeon (3/15)

Altars:

Annotations:
D:2 Natasha, Sigmund
D:3 Feta's ghost, amateur FoEE


Message History

You kill the orc!
The dart slug launches a dart at you. The slug dart hits you!
You take 2 damage, and have 28/33 hp.
Unknown command.
You hit the orc priest.
The orc priest hits you with an enchanted dagger.
You take 2 damage, and have 26/33 hp.
You slash the orc priest! You barely miss the orc.
The orc priest hits you but does no damage.
The orc hits you. You block the orc priest's attack. The orc barely misses you.
You take 3 damage, and have 23/33 hp.
You hit the orc priest.
You kill the orc priest!
Your Axes skill increases to level 5!
You have reached level 4!
You slash the orc!
You kill the orc!
You block the orc's attack.
You regained 6 hp, and now have 29/40 hp.
MP restored: 4 The orc hits you with a club.
You block the orc's attack.
Things that are here:
a trident; an orc corpse You take 1 damage, and have 28/40 hp.
You closely miss the orc. x2; The orc hits you with a club.
The orc hits you but does no damage.
You take 2 damage, and have 26/40 hp.
You hit the orc.
You kill the orc!
You slash the orc!
You kill the orc!
The dart slug launches a dart at you. The slug dart hits you!
You take 3 damage, and have 23/40 hp.
The dart slug bites you.
Things that are here:
a club; a leather armour You take 2 damage, and have 21/40 hp.
You hit the dart slug but do no damage. The dart slug bites you.
You take 2 damage, and have 19/40 hp.
You slash the dart slug!
You kill the dart slug!
You see here a dart slug corpse.
You see here a dart slug corpse.
You butcher the dart slug corpse.
m - 2 chunks of flesh {@w0} (gained 1)
Things that are here:
a club; a leather armour There isn't anything to butcher here.
There isn't anything to butcher here.
Things that are here:
a trident; an orc corpse
Things that are here:
a club; a leather armour You start resting.
Some of the chunks of flesh in your inventory have rotted away.
Eating a chunk of flesh {@w0}.
You eat the chunk of flesh {@w0}.
Health restored: 40
Things that are here:
a club; a leather armour; an orc corpse
f - 3 rations (gained 1)
f - 4 rations (gained 1)
m - 2 golden potions You now have 92 gold pieces (gained 11).
Feta's ghost (amateur Formicid Earth Elementalist) comes into view.
Feta's ghost turns its malevolent gaze towards you.
You block Feta's ghost's attack.
You barely miss Feta's ghost. Feta's ghost hits you.
You take 1 damage, and have 39/40 hp.
You hit Feta's ghost.
Feta's ghost gestures at you while chanting.
You block the stone arrow. Feta's ghost hits you!
You take 8 damage, and have 31/40 hp.
You miss Feta's ghost. Feta's ghost hits you.
You take 2 damage, and have 29/40 hp.
You slash Feta's ghost! Feta's ghost casts a spell at you.
The stone arrow misses you.
You closely miss Feta's ghost. Feta's ghost hits you.
Feta's ghost gestures at you while chanting.
The blast of sand hits you!
You take 3 damage, and have 27/40 hp.
You barely miss Feta's ghost. Feta's ghost hits you.
You take 4 damage, and have 23/40 hp.
You closely miss Feta's ghost. Feta's ghost hits you.
You take 1 damage, and have 22/40 hp.
You closely miss Feta's ghost. Feta's ghost hits you!
You block Feta's ghost's attack.
You take 7 damage, and have 15/40 hp.
Your scale mail prevents you from hitting Feta's ghost.
Feta's ghost hits you but does no damage.
You slash Feta's ghost! Feta's ghost hits you!
* * * LOW HITPOINT WARNING * * *
You take 6 damage, and have 9/40 hp.
Feta's ghost gestures at you while chanting.
You block the blast of sand.
Feta's ghost points at you and mumbles some strange words.
The stone arrow hits you!
You die...

.###..#####.#.)###.###..#
........##.#....#.#....#
#####..##.#..#.##.#.#....#
......................#
####.#.#.#.#######)###
#......#.# #..#
##..#.....# #.##
#...#....## ##)#
#.#..#.@.# #))# #.#.##...#
##.## #.##.#)..#####..#
##.# #..W.....#.##
##..###....###.#.#
..........## #..(#
..#####...# #†.##
..........# #..#
.######(.## #.##


You could see Feta's ghost.

Vanquished Creatures
  An orc priest (D:3)
  2 dart slugs
  4 orcs (D:3)
  2 giant cockroaches
  2 goblins (D:1)
  6 hobgoblins (D:1)
  3 bats
  4 kobolds
  5 rats
29 creatures vanquished.

Notes
Turn   | Place    | Note
-------+----------+-------------------------------------------
     0 | D:1      | shakethe the Hill Orc Fighter began the quest for the Orb.
     0 | D:1      | Reached XP level 1. HP: 19/19 MP: 1/1
   142 | D:1      | Reached skill level 3 in Axes
   142 | D:1      | Reached XP level 2. HP: 27/27 MP: 2/2
   981 | D:2      | Reached skill level 4 in Axes
  1131 | D:2      | Reached XP level 3. HP: 33/33 MP: 3/3
  1168 | D:2      | Noticed Sigmund
  1172 | D:2      | Noticed Natasha
  1222 | D:3      | Reached skill level 5 in Axes
  1222 | D:3      | Reached XP level 4. HP: 28/40 MP: 4/4
  1427 | D:3      | Noticed Feta's ghost (amateur FoEE)
  1440 | D:3      | HP: 9/40 [Feta's ghost (7)]
  1446 | D:3      | Killed from afar by Feta's ghost

Skill      XL: |  1  2  3 |
---------------+----------+-----
Axes           | 3 4 5 |  5.4
Fighting       | |  3.8
Armour         | |  3.4
Shields        | |  3.4

Action                   |  1- 3 |  4- 6 || total
-------------------------+-------+-------++-------
Melee: War axe           |    60 |    14 ||    74
  Eat: Chunk             |     1 |     1 ||     2
Armor: Scale mail        |    29 |     2 ||    31
Dodge: Dodged            |    20 |     1 ||    21
Block: Shield            |    32 |     6 ||    38

Vault maps used:
D:1:      matt_arrival_grand_opening, minmay_hedge_maze, minmay_misc_feat_x
D:2:      uniq_natasha, uniq_sigmund
D:3:      nicolae_overflow_crystal_walls, first_ration, grunt_decor_cap

Table legend:
 A = Turns spent in this place as a percentage of turns spent in the entire game.
 B = Non-inter-level travel turns spent in this place as a percentage of non-inter-level travel turns spent in the entire game.
 C = Inter-level travel turns spent in this place as a percentage of turns spent in this place.
 D = Turns resting spent in this place as a percentage of non-inter-level travel turns spent in this place.
 E = Turns spent auto-exploring this place as a percentage of non-inter-level travel turns spent in this place.
 F = Non-inter-level travel turns spent in this place divided by the number of levels of this place that you've seen.
                   A       B       C       D       E      F
               +-------+-------+-------+-------+-------+----------------------
         Total | 100.0 | 100.0 |   0.0 |   9.9 |  68.6 | 482.0
       Dungeon | 100.0 | 100.0 |   0.0 |   9.9 |  68.6 | 482.0
               +-------+-------+-------+-------+-------+----------------------

Table legend:
 A = Kills in this place as a percentage of kills in entire the game.
 B = Kills by you in this place as a percentage of kills by you in the entire game.
 C = Kills by friends in this place as a percentage of kills by friends in the entire game.
 D = Other kills in this place as a percentage of other kills in the entire game.
 E = Experience gained in this place as a percentage of experience gained in the entire game.
 F = Experience gained in this place divided by the number of levels of this place that you have seen.
                   A       B       C       D       E      F
               +-------+-------+-------+-------+-------+----------------------
         Total | 100.0 | 100.0 |   N/A |   N/A | 100.0 |  32.0
       Dungeon | 100.0 | 100.0 |   N/A |   N/A | 100.0 |  32.0
               +-------+-------+-------+-------+-------+----------------------
